 Dungeon Crawl Stone Soup version 0.31-a0-119-gbea1479570 (webtiles) character file.

Game seed: 11942696375106281685

2 qw the Shooter (level 1, 18/18 HPs)
             Began as a Minotaur Hunter on June 17, 2023.
             Quit the game on level 1 of the Dungeon.
             The game lasted 00:00:08 (60 turns).

qw the Shooter (Minotaur Hunter)                      Turns: 60, Time: 00:00:08

Health: 18/18      AC:  3    Str: 15    XL:     1   Next: 33%
Magic:  0/0        EV: 12    Int:  6    God:
Gold:   12         SH:  0    Dex: 13    Spells: 0/0 levels left

rFire   . . .        a - +0 shortbow
rCold   . . .        (shield currently unavailable)
rNeg    . . .        c - +0 leather armour
rPois   .            (helmet restricted)
rElec   .            (no cloak)
rCorr   .            (no gloves)
SInv    .            (no boots)
Will    .....        (no amulet)
Stlth   +            (no ring)
HPRegen 0.23/turn    (no ring)
MPRegen 0.07/turn

%: no passive effects
@: no status effects
A: horns 2, retaliatory headbutt
a: no special abilities


You were on level 1 of the Dungeon.
You visited 1 branch of the dungeon, and saw 1 of its levels.

You collected 12 gold pieces.


Innate Abilities, Weirdness & Mutations

You have a pair of horns on your head.
You reflexively headbutt those who attack you in melee.


   Skills:
 - Level 2.4 Fighting
 + Level 4.5 Ranged Weapons
 - Level 2.1 Dodging
 - Level 0.7 Stealth


You couldn't memorise any spells.
You didn't know any spells.
Your spell library was empty.

Inventory:

Hand Weapons
 a - a +0 shortbow (weapon)
Armour
 c - a +0 leather armour (worn)
Scrolls
 b - a scroll of immolation

Dungeon Overview and Level Annotations

Branches:
Dungeon (1/15)

Altars:


Message History

The Orb of Zot is coveted for many reasons.
Will you seize it for your own?
Press ? for a list of commands and other information.
Found a staircase leading out of the dungeon.
Options error: Missing colour in message_colour setting: 'then' Waypoint 0 assigned to D:1.
0 ||| PLANNING D:1-11 Options error: Missing colour in message_colour setting: 'then' You open the door.
There is an open door here.
You open the door.
There is an open door here.
You open the door.
There is an open door here.
Found a short sword.
You now have 5 gold pieces.
As you open the gate, it creaks loudly!
A kobold comes into view. It is wielding a +0 whip.
The kobold shouts!
You hear an angry hiss.
Found a hand axe.
Found a stone staircase leading down.
You shoot an arrow. The arrow hits the kobold!
You kill the kobold!
A ball python comes into view.
There is an open gate here.
You shoot an arrow. The arrow hits the ball python.
The ball python is heavily wounded.
You shoot an arrow. The arrow hits the ball python.
The ball python is heavily wounded.
You shoot an arrow.
The arrow closely misses the ball python.
You shoot an arrow. The arrow hits the ball python.
You kill the ball python!
You see here a +0 whip.
You now have 12 gold pieces (gained 7).
Found a mace.
A hobgoblin, an endoplasm and a quokka come into view.
The hobgoblin shouts!
You hear a shout!
A hobgoblin comes into view.
Options error: Missing colour in message_colour setting: 'then'
Enter note: Are you sure you want to abandon this character and quit the game? (Confirm with "yes".)

.......)8...8.........#
...........%)..##.....#
..............###.....#
..)...........# #######
......>.......#
..............#
..##.......# #.##....#
#@#.....# #..........#
...............
....J............#
##..#.#.......####
...##.##....... .#. ..
...g... . ... ...rg..


You could see an endoplasm (wandering), a quokka (wandering) and 2 hobgoblins.

Vanquished Creatures
  A ball python (D:1)
  A kobold (D:1)
2 creatures vanquished.

Notes
Turn   | Place    | Note
-------+----------+-------------------------------------------
     0 | D:1      | qw the Minotaur Hunter began the quest for the Orb.
     0 | D:1      | Reached XP level 1. HP: 18/18 MP: 0/0
     0 | D:1      | 0 ||| qw: Version: 0.3-a-5-g6f28e65
     0 | D:1      | 0 ||| qw: Game counter: 19
     0 | D:1      | 0 ||| qw: Always use a shield: true
     0 | D:1      | 0 ||| qw: God list: Okawaru
     0 | D:1      | 0 ||| qw: Allow faded altars: false
     0 | D:1      | 0 ||| qw: Do Orc after D:15 true
     0 | D:1      | 0 ||| qw: Do second Lair branch before Depths: true
     0 | D:1      | 0 ||| qw: Lair rune preference: random
     0 | D:1      | 0 ||| qw: Plans: Normal, Zot:1-4, Slime:5, God:TSO, Crypt,
                  | Tomb, Abyss, Pan, Hells, Win
     0 | D:1      | 0 ||| PLANNING D:1-11
    60 | D:1      | Quit the game

Levels and vault maps discovered:
D:1:      scummos_arrival_gate, layout_rooms, nrook_campfire

Action                     || total
---------------------------++-------
   Fire: Shortbow          ||     5

Table legend:
 A = Non-vault XP
 B = Vault XP
 C = Vault XP percentage of total XP
 D = Non-vault monster count
 E = Vault monster count
 F = Vault count percentage of total count
                 A         B        C        D         E       F
            +---------+---------+-------+---------+---------+-------
      Total |       4 |       0 |   0.0 |       2 |       0 |   0.0
            +---------+---------+-------+---------+---------+-------
        D:1 |       4 |       0 |   0.0 |       2 |       0 |   0.0
            +---------+---------+-------+---------+---------+-------
